 Dungeon Crawl Stone Soup version 0.31-a0-263-ge8cad7f256 (webtiles) character file.

Game seed: 10867401248876638753

72 qw the Shooter (level 4, 0/36 HPs)
             Began as a Minotaur Hexslinger on July 13, 2023.
             Slain by a goblin
             ... wielding a +0 dagger
             ... led by Robin
              (5 damage)
             ... on level 2 of the Dungeon.
             The game lasted 00:00:33 (819 turns).

qw the Shooter (Minotaur Hexslinger)                 Turns: 819, Time: 00:00:34

Health: 0/36       AC:  5    Str: 13    XL:     4   Next: 7%
Magic:  4/4        EV: 11    Int: 10    God:
Gold:   106        SH:  0    Dex: 14    Spells: 4/5 levels left

rFire   . . .        Y - +1 sling
rCold   . . .        (no shield)
rNeg    . . .        e - +0 ring mail
rPois   .            (helmet restricted)
rElec   .            (no cloak)
rCorr   .            (no gloves)
SInv    .            (no boots)
Will    .....        (no amulet)
Stlth   +            (no ring)
HPRegen 0.26/turn    (no ring)
MPRegen 0.09/turn

%: no passive effects
@: no status effects
A: horns 2, retaliatory headbutt
a: no special abilities


You were on level 2 of the Dungeon.
You visited 1 branch of the dungeon, and saw 2 of its levels.

You collected 106 gold pieces.


Innate Abilities, Weirdness & Mutations

You have a pair of horns on your head.
You reflexively headbutt those who attack you in melee.


   Skills:
 - Level 2.0 Fighting
 + Level 4.3 Ranged Weapons
 - Level 1.4 Armour
 - Level 2.1 Dodging
 - Level 1.0 Spellcasting
 - Level 2.0 Hexes


You had 4 spell levels left.
You knew the following spells:

 Your Spells              Type           Power      Damage    Failure   Level
a - Slow                  Hex            16%        N/A       32%         1

Your spell library contained the following spells:

 Spells                   Type           Power      Damage    Failure   Level
 Inner Flame              Hex/Fire       2%         N/A       82%         3
 Portal Projectile        Hex/Tloc       4%         N/A       82%         3
 Cause Fear               Hex            2%         N/A       97%         4

Inventory:

Hand Weapons
 Y - a +1 sling (weapon)
Armour
 a - the +0 leather armour of Daisies {Rampage rN+}
   (You found it on level 2 of the Dungeon)

   rN:        It protects you from negative energy.
   Rampage:   It bestows one free step when moving towards enemies.
 e - a +0 ring mail (worn)
Jewellery
 b - a +5 ring of evasion
Potions
 c - 2 potions of enlightenment {unknown}
 d - a potion of haste
 g - a potion of heal wounds {unknown}

Dungeon Overview and Level Annotations

Branches:
Dungeon (2/15)

Altars:

Annotations:
D:2 Robin


Message History

The sling bullet barely misses the goblin.
The sling bullet hits the goblin.
The goblin is heavily wounded.
Robin throws the goblin at you! The goblin closely misses you.
You furiously retaliate!
You headbutt the goblin.
You kill the goblin!
A goblin comes into view. It is wielding a +0 dagger.
The hobgoblin hits you but does no damage.
The goblin hits you but does no damage.
You shoot a sling bullet. The sling bullet hits the goblin.
The goblin is moderately wounded.
The hobgoblin no longer looks unusually strong.
The goblin hits you with a +0 dagger.
The hobgoblin hits you but does no damage.
You shoot a sling bullet.
The sling bullet barely misses the goblin.
The goblin no longer looks unusually strong.
The goblin closely misses you. Robin throws the goblin at you!
The hobgoblin barely misses you. The goblin hits you but does no damage.
A goblin comes into view. It is wielding a +0 dagger.
You shoot a sling bullet. The sling bullet hits the goblin.
You kill the goblin!
The hobgoblin no longer looks unusually strong.
Robin throws the goblin at you! The goblin hits you but does no damage.
The hobgoblin barely misses you. The goblin closely misses you.
The hobgoblin hits you but does no damage.
The goblin hits you but does no damage.
Robin roars a battlecry!
The goblins go into a battle-frenzy!
You shoot a sling bullet. The sling bullet misses the goblin.
The hobgoblin no longer looks unusually strong.
The goblin hits you with a +0 dagger. The goblin barely misses you.
You furiously retaliate!
You headbutt the goblin!
You kill the goblin!
The hobgoblin hits you. Robin throws the goblin at you!
You shoot a sling bullet. The sling bullet hits the goblin.
The goblin is severely wounded.
The hobgoblin no longer looks unusually strong.
The hobgoblin hits you. The goblin hits you with a +0 dagger.
You die... #. .##... #. ..... #. #.... #. #.... ######## #. #.... #......## #. ggg

#.###...####. #.##g##
#<# #......'. #...g@#
#.# #....###.
#####g####.###....###.
#~~~~~#.......+........
#...J~#####.###........
#.[..~#......##.......#
#....~###..#.##.......#
+######..#.#.#.#.#.#..#
#.#.#.#.#.#.#.#..##
#....#.#.#.#.#.###


You could see an endoplasm, 4 hobgoblins and 2 goblins.

Vanquished Creatures
  2 adders (D:2)
  A worm (D:2)
  A dart slug (D:1)
  2 ball pythons (D:1)
  3 endoplasms
  3 giant cockroaches (D:1)
  12 goblins
  2 hobgoblins
  4 jackals (D:1)
  3 bats (D:1)
  2 frilled lizards (D:1)
  4 kobolds
  6 rats
45 creatures vanquished.

Notes
Turn   | Place    | Note
-------+----------+-------------------------------------------
     0 | D:1      | qw the Minotaur Hexslinger began the quest for the Orb.
     0 | D:1      | Reached XP level 1. HP: 16/16 MP: 1/1
     0 | D:1      | 0 ||| qw: Version: 0.3-a-52-g30416fa
     0 | D:1      | 0 ||| qw: Game counter: 7543
     0 | D:1      | 0 ||| qw: Melee chars always use a shield: true
     0 | D:1      | 0 ||| qw: God list: Okawaru
     0 | D:1      | 0 ||| qw: Allow faded altars: false
     0 | D:1      | 0 ||| qw: Do Orc after clearing Dungeon:15 true
     0 | D:1      | 0 ||| qw: Do second Lair branch before Depths: true
     0 | D:1      | 0 ||| qw: Lair rune preference: random
     0 | D:1      | 0 ||| qw: Goals: Normal
     0 | D:1      | 0 ||| PLANNING D:1-11
   101 | D:1      | Reached skill level 3 in Ranged Weapons
   102 | D:1      | Reached XP level 2. HP: 21/23 MP: 2/2
   153 | D:1      | Found a faded altar of an unknown god.
   342 | D:1      | Reached XP level 3. HP: 29/29 MP: 3/3
   434 | D:1      | 434 ||| UPGRADING to +0 ring mail.
   444 | D:1      | 444 ||| DROPPING +0 robe.
   445 | D:1      | 445 ||| READING scroll labelled NELOIW UPTUJITEE.
   446 | D:1      | 446 ||| READING scroll labelled BIONEA TOAQU.
   447 | D:1      | 447 ||| DRINKING 2 sedimented cyan potions.
   448 | D:1      | 448 ||| DRINKING 2 amethyst potions.
   449 | D:1      | 449 ||| DRINKING 2 black potions.
   450 | D:1      | 450 ||| DROPPING scroll of poison.
   451 | D:1      | 451 ||| DROPPING potion of magic.
   452 | D:1      | 452 ||| DROPPING potion of invisibility.
   557 | D:2      | Identified the +0 leather armour of Daisies {Rampage rN+}
   630 | D:2      | Reached skill level 4 in Ranged Weapons
   703 | D:2      | Reached skill level 1 in Armour
   803 | D:2      | Noticed Robin
   814 | D:2      | Reached XP level 4. HP: 18/36 MP: 4/4
   818 | D:2      | HP: 7/36 [hobgoblin[Robin] (3)]
   819 | D:2      | Slain by a goblin

Levels and vault maps discovered:
D:1:      doesnt_arrival_eight_statues, layout_rooms,
          hellmonk_ecumenical_altar_leap_of_faith
D:2:      layout_basic, serial_rivers, chequers_serial_rivers_room_b,
          chequers_serial_rivers_room_a, chequers_serial_rivers_room_b,
          chequers_serial_rivers_room_a, chequers_serial_rivers_large_b,
          minivault_23, st_stairs_6, minmay_tree_intersection,
          minmay_misc_feat_tower, uniq_robin

Skill      XL: |  1  2  3 |
---------------+----------+-----
Ranged Weapons | 3 4 |  4.3
Fighting       | 2 |  2.0
Armour         | 1 |  1.4
Dodging        | |  2.1
Spellcasting   | |  1.0
Hexes          | |  2.0

Action                     |  1- 3 |  4- 6 || total
---------------------------+-------+-------++-------
   Fire: Sling             |   122 |     6 ||   128
    Use: Potion            |     3 |       ||     3
         Scroll            |     2 |       ||     2
 Armour: Robe              |     7 |       ||     7
         Ring mail         |     8 |     9 ||    17
  Dodge: Dodged            |    36 |     6 ||    42

Table legend:
 A = Non-vault XP
 B = Vault XP
 C = Vault XP percentage of total XP
 D = Non-vault monster count
 E = Vault monster count
 F = Vault count percentage of total count
                 A         B        C        D         E       F
            +---------+---------+-------+---------+---------+-------
      Total |      91 |      13 |  12.5 |      38 |       7 |  15.6
            +---------+---------+-------+---------+---------+-------
        D:1 |      48 |       0 |   0.0 |      28 |       0 |   0.0
        D:2 |      43 |      13 |  23.2 |      10 |       7 |  41.2
            +---------+---------+-------+---------+---------+-------
